Unix NetHack Version 3.7.0-66 Work-in-progress - last build Dec 26 2022 05:50:31 (55254d10815e23f0e7c0ebc937178fe17f3ffff8,branch:master). Game began 2022-12-25 00:23:13, ended 2022-12-26 21:37:43. Gandelf, neutral male human Monk ------- ---------- ----- |....>| #.........| # |<^..# |.....-# #|........|###0##....|#### |.....|# #|...%....|######|.*.| # |.....|@ #|........|#### #-..*. ####### |....%|& #|........|# 0 ---|- # ------- #-.........# # #-.-----..-# #### ############## #----------- # #* ### ## #.....(.[..| ^ # # ##%# |.........| ----|----------# ######))#)[)#%##################-.....^...| |.............-# --[--------|--- ----------- ..............| #....)..%%).(.)| |..............#####).))..%)).[!.(| --------------- |.)).)...)[...| |...)...[)%..[| --------------- Gandelf the Student of Stones St:17 Dx:14 Co:17 In:11 Wi:18 Ch:10 Neutral S:42306 Dlvl:7 $:660 HP:0(82) Pw:77(77) AC:-3 Xp:11/10366 T:18418 Latest messages: Y - a scroll labeled KO BATE. Z - a copper wand. You hit the pyrolisk! The pyrolisk misses! You hit the pyrolisk! You hit the pyrolisk! You kill the pyrolisk! What do you want to use or apply? [cdfi-pr-uwADFIJMOQUXZ or ?*] ? Your lamp is now off. What do you want to use or apply? [cdfi-pr-uwADFIJMOQUXZ or ?*] M Your lamp is now off. What do you want to use or apply? [cdfi-pr-uwADFIJMOQUXZ or ?*] ? You snuff out your wax candle. What do you want to use or apply? [cdfi-pr-uwADFIJMOQUXZ or ?*] ? Your lamp is now off. You see here a food ration. h - a food ration (6 in total). You kill the lichen! Geany thrusts his broad short sword. Geany hits! You hit Geany! Geany thrusts his broad short sword. Geany hits! What do you want to throw? [$ or ?*] * In what direction? j The food ration misses Geany. Geany thrusts his broad short sword. Geany hits! You hit Geany! Geany thrusts his broad short sword. Geany hits! You hit Geany! Geany thrusts his broad short sword. Geany hits! You hit Geany! You hit Geany! Geany thrusts his broad short sword. Geany just misses! You hit Geany! Geany thrusts his broad short sword. Geany hits! You hit Geany! Geany thrusts his broad short sword. Geany hits! You die... Do you want your possessions identified? [ynq] (y) y Do you want to see your attributes? [ynq] (y) y Do you want an account of creatures vanquished? [ynaq] (y) y Do you want to see your conduct and achievements? [ynq] (y) y Do you want to see the dungeon overview? [ynq] (y) y Inventory: Coins $ - 660 gold pieces Armor T - an uncursed +0 dwarvish iron helm (being worn) a - an uncursed +2 pair of leather gloves (being worn) W - an uncursed +0 pair of leather gloves V - a blessed +2 pair of iron shoes (being worn) e - a blessed +2 shield of reflection (being worn) Comestibles h - 5 uncursed food rations B - 2 uncursed tripe rations Scrolls b - a blessed scroll of create monster Y - an uncursed scroll of light R - a cursed scroll of light y - an uncursed scroll of remove curse x - an uncursed scroll of scare monster H - a blessed scroll of teleportation Spellbooks U - an uncursed spellbook of magic missile Potions N - an uncursed potion of booze C - a blessed potion of healing z - an uncursed potion of water K - an uncursed potion of water L - an uncursed potion of water Rings q - a blessed +1 ring of adornment P - a cursed ring of aggravate monster S - a cursed ring of hunger g - an uncursed ring of protection from shape changers E - a cursed ring of teleportation Wands I - a wand of cancellation (0:8) J - a blessed wand of create monster (0:11) n - a wand of create monster (0:0) t - a wand of create monster (0:0) s - a wand of digging (0:6) r - a wand of fire (0:5) i - a wand of magic missile (0:3) c - a wand of make invisible (0:5) Z - a wand of polymorph (0:7) f - a wand of speed monster (0:4) m - a wand of striking (0:3) Tools Q - an uncursed wooden flute l - an uncursed blindfold k - an uncursed lock pick p - an uncursed lock pick d - an uncursed magic lamp j - an uncursed oil lamp w - an uncursed oil lamp M - an uncursed oil lamp u - an uncursed skeleton key O - an uncursed skeleton key D - an uncursed towel o - a +0 unicorn horn X - a blessed partly used wax candle Gems/Stones G - 2 uncursed amber stones A - an uncursed flint stone F - an uncursed luckstone Gandelf the Monk's attributes: Background: You were a Student of Stones, a level 11 male human Monk. You were neutral, on a mission for Chih Sung-tzu who was opposed by Shan Lai Ching (lawful) and Huan Ti (chaotic). You were in the Dungeons of Doom, on level 7. You entered the dungeon 18418 turns ago. You had 10366 experience points, 9634 more were needed to attain level 12. Your score was 42306 before end-of-game adjustments. Basics: You had 0 out of 82 hit points. You had all 77 energy points (spell power). Your armor class was -3. Your wallet contained 660 zorkmids. Autopickup was on for '$?!+/=' plus thrown. FinalCharacteristics: Your strength was 17 (limit:18/100). Your dexterity was 14 (limit:18). Your constitution was 17 (limit:18). Your intelligence was 11 (limit:18). Your wisdom was 18 (limit:18). Your charisma was 10 (limit:18). Final Status: You were not hungry. You were unencumbered. You were empty handed. You had master skill with martial arts and could have enhanced that. Final Attributes: You were piously aligned. You were fire resistant. You were sleep resistant. You were poison resistant. You saw invisible. You were telepathic. You were warned. You had automatic searching. You were stealthy. You were fast. You had reflection. You were lucky. You had extra luck. Bad luck did not time out for you. Good luck did not time out for you. You are dead. Miscellaneous: You never encountered a bones level. Total elapsed playing time was 2 hours, 37 minutes and 49 seconds. Major events: Turn 1: Gandelf the neutral male human Monk entered the dungeon 89: entered the Gnomish Mines 103: attained the rank of Novice (level 3) 439: reached Mine Town 552: attained the rank of Initiate (level 6) 4848: made his first wish - "blessed +2 blessed polished silver shield", got "a polished silver shield" 5271: entered Sokoban 5635: completed 1st Sokoban level 6214: completed 2nd Sokoban level 6601: completed 3rd Sokoban level 7479: completed 4th Sokoban level 7685: attained the rank of Student of Stones (level 10) 7750: acquired the Sokoban amulet of reflection 13644: acquired the Mines' End luckstone 18418: killed by a djinni called Geany Vanquished creatures: a blue dragon a watch captain 2 giant mimics a stalker 4 wargs 5 small mimics a warhorse an ogre leader 5 trolls a gelatinous cube 3 pyrolisks a shocking sphere a large cat a gargoyle 2 dwarf rulers 3 ochre jellies a mountain centaur 2 elf mummies 2 human mummies 4 wraiths an ettin zombie 2 watchmen an amorous demon 2 chameleons 2 quivering blobs 5 cockatrices a wolf 2 winter wolf cubs a lynx a panther a gremlin 16 leprechauns an orc-captain an iron piercer 2 giant spiders a scorpion an ice vortex 8 gnome rulers 2 dwarf mummies an ogre a brown pudding 2 rust monsters 3 owlbears 2 yetis a gold golem 2 werewolves 4 Green-elves 3 lizards a dingo a housecat 2 jaguars 2 dwarf leaders 4 white unicorns 4 dust vortices 5 ravens a gnome mummy 4 snakes an ape 2 human zombies 2 rope golems 5 soldier ants 8 fire ants 14 bugbears 2 quasits 3 water nymphs 2 mountain nymphs a Mordor orc an Uruk-hai an orc shaman 6 rock piercers 5 rock moles 2 fog clouds 5 yellow lights 4 violet fungi 23 gnome leaders 11 gnomish wizards 2 kobold mummies 3 gray oozes an elf zombie a straw golem 3 paper golems a baby crocodile 14 giant ants a little dog 5 floating eyes 2 kittens 29 dwarves 3 homunculi a kobold leader 3 kobold shamans 4 hill orcs 21 rothes 2 rabid rats a centipede 4 giant bats 6 monkeys an orc zombie a dwarf zombie 3 wererats a werejackal 10 iguanas 9 killer bees 2 coyotes a gas spore 9 hobbits 7 manes 4 large kobolds 13 hobgoblins 7 giant rats 2 cave spiders a brown mold 2 yellow molds a red mold 80 gnomes 4 garter snakes 2 gnome zombies 8 geckos 9 jackals 2 foxes 3 kobolds 6 goblins 5 sewer rats 3 grid bugs 5 bats 5 lichens 3 kobold zombies 4 newts 554 creatures vanquished. No species were genocided or became extinct. Voluntary challenges: You read items or engraved 9 times. You never engraved Elbereth. You never genocided any monsters. You never polymorphed an object. You used 1 wish. You did not wish for any artifacts. You did not violate any of the special Sokoban rules. Achievements: You entered the Gnomish Mines. You attained the rank of Novice. You entered Minetown. You entered a shop. You attained the rank of Initiate. You entered a temple. You entered Sokoban. You attained the rank of Student of Stones. You completed Sokoban. You completed the Gnomish Mines. The Dungeons of Doom: levels 1 to 12 Level 1: Level 2: A shop. Stairs down to The Gnomish Mines. Level 3: A potion shop. Level 4: Level 5: Many fountains. Level 6: A sink. Stairs up to Sokoban, level 5. Level 7: <- You were here. A throne. Final resting place for you, killed by a djinni called Geany. Level 8: A throne, a fountain. Level 9: A fountain. Level 10: An altar. Level 11: A throne, some fountains. Summoned by the Grand Master. Portal to The Quest. Level 12: The Gnomish Mines: levels 3 to 11 Level 3: Level 4: Level 5: Many shops, a temple, some fountains, a sink. Level 6: Level 7: Level 8: Level 9: Level 10: Level 11: The Quest: Level 1: Many trees. Home. Sokoban: levels 5 up to 2 Level 2: Solved. Level 3: Solved. Level 4: Solved. Level 5: Solved. Game over: ---------- / \ / REST \ / IN \ / PEACE \ / \ | Gandelf | | 660 Au | | killed by a | | djinni called | | Geany | | | | 2022 | *| * * * | * _________)/\\_//(\/(/\)/\//\/|_)_______ Goodbye Gandelf the Monk... You died in The Dungeons of Doom on dungeon level 7 with 42240 points, and 660 pieces of gold, after 18418 moves. You were level 11 with a maximum of 82 hit points when you died.